 Dungeon Crawl Stone Soup version 0.17-a0-2147-gfb20a63 (webtiles) character file.

5171 onionterror the Fighter (level 10, 0/80 HPs)
             Began as a Demonspawn Monk on Oct 24, 2015.
             Was a High Priest of Okawaru.
             Killed by the air
             ... invoked by Gastronok
              (24 damage)
             ... on level 9 of the Dungeon.
             The game lasted 01:06:56 (8520 turns).

onionterror the Fighter (Demonspawn Monk)           Turns: 8520, Time: 01:06:56

Health: 0/80       AC:  9    Str: 11    XL:     10   Next: 34%
Magic:  23/23      EV: 14    Int: 14    God:    Okawaru [*****.]
Gold:   449        SH:  7    Dex: 21    Spells: 0 memorised, 9 levels left

rFire  . . .     SeeInvis .     k - +1 dagger (venom)
rCold  . . .     Clarity  .     y - +2 ring mail "Pimeu" {rPois rN+ Dex+4}
rNeg   + . .     SustAt   .     p - +1 buckler
rPois  +         Gourm    .     (no helmet)
rElec  .         Spirit   .     (no cloak)
rCorr  .         Warding  .     (no gloves)
rMut   .         Stasis   .     (no boots)
MR     +....                    (no amulet)
Stlth  +++.......               I - ring of magical power
                                n - ring of protection from magic

@: somewhat resistant to hostile enchantments, fairly stealthy
A: molten scales 1, nightstalker 1, powered by death 2
a: Heroism, Finesse, Renounce Religion


You were on level 9 of the Dungeon.
You worshipped Okawaru.
Okawaru was extremely pleased with you.
You were not hungry.

You visited 2 branches of the dungeon, and saw 10 of its levels.

You collected 449 gold pieces.

Inventory:

Hand Weapons
 k - a +1 dagger of venom (weapon)
 q - a +0 blowgun
Missiles
 r - a poisoned needle
 x - 65 sling bullets
Armour
 a - a +0 robe
 p - a +1 buckler (worn)
 y - the +2 ring mail "Pimeu" (worn) {rPois rN+ Dex+4}
   (You found it on level 4 of the Dungeon)

   It affects your dexterity (+4).
   It protects you from poison.
   It protects you from negative energy.
Jewellery
 n - a ring of protection from magic (left hand)
 E - an uncursed ring of teleportation
 I - a ring of magical power (right hand)
 J - an uncursed ring of fire
Wands
 s - a wand of enslavement (14)
 D - a wand of flame (0)
 K - a wand of draining (2)
 P - a wand of invisibility (4)
Scrolls
 d - a scroll of blinking
 e - 2 scrolls of remove curse
 i - 4 scrolls of teleportation
 j - 5 scrolls of enchant armour
 l - 3 scrolls of immolation
 m - 3 scrolls of identify
 o - a scroll of noise {unknown}
 w - a scroll of enchant weapon {unknown}
 z - a scroll of fear {unknown}
 A - 4 scrolls of magic mapping {unknown}
 B - 2 scrolls of fog {unknown}
 C - a scroll of recharging {unknown}
Potions
 f - 2 potions of invisibility
 g - a potion of ambrosia
 t - a potion of brilliance {unknown}
 u - 2 potions of flight
 v - 2 potions of might
 F - a potion of lignification {unknown}
 G - a potion of cancellation {unknown}
 N - a potion of degeneration {unknown}
 O - a potion of heal wounds {unknown}
Comestibles
 b - 6 bread rations
 c - 5 meat rations
 h - 2 beef jerkies
 H - a royal jelly
 L - 3 chunks of flesh
 M - a slice of pizza


   Skills:
 + Level 8.0 Fighting
 + Level 2.9 Short Blades
 + Level 6.1 Armour
 + Level 5.3 Dodging
 - Level 3.0 Stealth
 - Level 4.0 Shields
 - Level 7.2 Unarmed Combat
 + Level 0.1 Spellcasting
 - Level 6.0 Invocations


You had 9 spell levels left.
You didn't know any spells.

Dungeon Overview and Level Annotations

Branches:
Dungeon (9/15)             Temple (1/1) D:4
   Lair: D:8-11         Orc: D:9-12

Altars:
Ashenzari
Cheibriados
Dithmenos
Elyvilon
Fedhas
Gozag
Kikubaaqudgha
Makhleb
Nemelex Xobeh
Okawaru
Qazlal
Ru
Sif Muna
Trog
Vehumet
Xom
Yredelemnul
Zin
The Shining One

Shops:
D:4 *   D:5 =   D:8 [

Annotations:
D:9 Gastronok


Innate Abilities, Weirdness & Mutations

You are partially covered in molten scales (AC +1).
You are slightly more attuned to the shadows.
You regenerate health from kills.


Message History

You completely miss the rat. The bat barely misses you.
You block the bat's attack. The rat misses you.
Gastronok mumbles some strange words.
Gastronok seems to move somewhat quicker.
You hit the rat.
The rat is poisoned.
The rat is heavily wounded.
The bat closely misses you. You block the bat's attack. The rat misses you.
You barely miss the rat.
The rat is heavily wounded.
You kill the rat!
The rat's corpse disappears in a puff of smoke!
The bat hits you but does no damage. The bat barely misses you.
You block the bat's attack.
You hit the bat.
The bat is poisoned.
The bat is moderately wounded.
You block the bat's attack. The bat hits you but does no damage.
The bat hits you but does no damage. The bat completely misses you.
Gastronok waves his eye-stalks in wide circles.
The air twists around and strikes you!
You die...

###.#...#(#..## ####.#
#....r.##(#...###.##.##
#.#.#####w#.....)).....
#.##.###.##.....)).....
#r###.w.########.รท.#..#
#(# ##### ##.##..#
#(########### ####..#
#.(.........# #..#
#((w.b@b....# #..#
##.########.. .... #.#
#... #.# #... ... #.#.
#.# #.


You could see Gastronok and 2 bats.

Vanquished Creatures
  Pikel (D:6)
  Joseph (D:8)
  Eustachio (D:6)
  A hippogriff (D:7)
  Menkaure (D:6)
  Duvessa (D:6)
  3 phantoms
  An ice beast (D:6)
  5 centaurs
  A black bear (D:6)
  A slave (D:6)
  2 orc warriors
  2 ogres
  A big kobold (D:9)
  4 giant frogs
  A water moccasin zombie (D:8)
  Dowan (D:6)
  6 killer bees (D:7)
  2 scorpions
  14 wights
  9 hounds
  5 crimson imps
  A jelly (D:6)
  A centaur zombie (D:6)
  A giant frog zombie (D:5)
  A giant frog skeleton (D:7)
  4 orc priests
  8 orc wizards
  A centaur skeleton (D:6)
  3 worker ants
  A hound zombie (D:7)
  2 worker ant zombies (D:7)
  6 gnolls (D:6)
  8 adders
  4 river rats (D:6)
  4 shadow imps
  An ooze (D:2)
  An adder skeleton (D:8)
  2 worms
  4 giant geckos
  24 orcs
  4 hobgoblins
  3 jackals (D:1)
  4 quokkas
  A ball python (D:8)
  3 bats
  4 giant cockroaches
  3 giant newts
  10 goblins
  19 kobolds
  4 rats
196 creatures vanquished.

Vanquished Creatures (others)
  6 plants (D:6)
6 creatures vanquished.

Grand Total: 202 creatures vanquished

Notes
Turn   | Place    | Note
--------------------------------------------------------------
     0 | D:1      | onionterror the Demonspawn Monk began the quest for the Orb.
     0 | D:1      | Reached XP level 1. HP: 18/18 MP: 1/1
   190 | D:1      | Gained mutation: You are slightly more attuned to the shadows. [demonic ancestry]
   190 | D:1      | Reached XP level 2. HP: 18/24 MP: 2/2
   725 | D:2      | Reached XP level 3. HP: 9/29 MP: 3/3
  1708 | D:3      | Reached skill level 4 in Unarmed Combat
  1799 | D:3      | Gained mutation: You regenerate a little health from kills. [demonic ancestry]
  1799 | D:3      | Reached XP level 4. HP: 27/37 MP: 4/4
  2612 | D:4      | Found Gozag's Platinum Reserve.
  2616 | D:4      | Found an opulent altar of Gozag.
  2754 | D:4      | Got a jewelled ring mail
  2765 | D:4      | Identified the +2 ring mail "Pimeu" {rPois rN+ Dex+4} (You found it on level 4 of the Dungeon)
  2809 | D:4      | Found a staircase to the Ecumenical Temple.
  2817 | Temple   | Entered the Ecumenical Temple
  2917 | Temple   | Became a worshipper of Warmaster Okawaru
  2917 | Temple   | Reached * piety under Okawaru
  2917 | Temple   | Reached ** piety under Okawaru
  3135 | D:4      | Reached skill level 1 in Shields
  3135 | D:4      | Reached XP level 5. HP: 21/42 MP: 5/5
  3360 | D:5      | Entered Level 5 of the Dungeon
  3507 | D:5      | Reached skill level 1 in Armour
  3507 | D:5      | Reached skill level 1 in Invocations
  3602 | D:5      | Reached skill level 1 in Short Blades
  3775 | D:5      | Noticed a phantom
  3850 | D:5      | Killed a phantom
  3850 | D:5      | Gained mutation: You regenerate health from kills. [demonic ancestry]
  3850 | D:5      | Reached XP level 6. HP: 25/48 MP: 7/7
  3883 | D:5      | Found Huryxusm's Jewellery Shop.
  3954 | D:5      | Reached *** piety under Okawaru
  4194 | D:6      | Noticed Menkaure
  4226 | D:6      | Reached XP level 7. HP: 52/55 MP: 9/9
  4255 | D:6      | Killed Menkaure
  4301 | D:6      | Noticed Eustachio
  4321 | D:6      | Killed Eustachio
  4441 | D:6      | Reached skill level 5 in Fighting
  4539 | D:6      | Noticed Dowan
  4549 | D:6      | Noticed Duvessa
  4562 | D:6      | Killed Dowan
  4727 | D:6      | Reached XP level 8. HP: 40/62 MP: 11/11
  4786 | D:6      | Reached **** piety under Okawaru
  4786 | D:6      | Reached skill level 5 in Unarmed Combat
  5019 | D:6      | Killed Duvessa
  5184 | D:6      | Reached skill level 6 in Fighting
  5637 | D:6      | Noticed Pikel
  5691 | D:6      | Killed Pikel
  5691 | D:6      | Reached ***** piety under Okawaru
  5691 | D:6      | Reached XP level 9. HP: 33/71 MP: 9/12
  6176 | D:7      | Reached skill level 7 in Fighting
  6180 | D:7      | Reached skill level 5 in Armour
  7044 | D:8      | Reached skill level 5 in Invocations
  7335 | D:8      | Gained mutation: You are partially covered in molten scales (AC +1). [demonic ancestry]
  7335 | D:8      | Reached XP level 10. HP: 75/79 MP: 13/13
  7484 | D:8      | Reached skill level 5 in Dodging
  7510 | D:8      | Found Fautec's Antique Armour Emporium.
  7594 | D:8      | Noticed Joseph
  7664 | D:8      | Killed Joseph
  8083 | D:8      | Reached skill level 8 in Fighting
  8420 | D:9      | Noticed Gastronok
  8520 | D:9      | Killed from afar by Gastronok

Vault maps used:
D:1:      lemuel_arrival_funnel, st_stairs_12
D:2:      minmay_close_crescents
D:3:      wad_lake_hut
D:4:      nicolae_gozag_zags_fifth_avenue, minmay_temple_entry_poolview
D:5:      serial_shops, nicolae_shop_statue_plus, first_bread
D:6:      wad_woods_tower, nicolae_ossuary_entry_ruins, serial_curves,
          eino_curves_01, eino_curves_03, minivault_11,
          hangedman_minor_gate_pass, uniq_eustachio, uniq_pikel, uniq_duvessa,
          uniq_menkaure
D:8:      serial_shops, shop, uniq_joseph
D:9:      corexii_shack_village, hangedman_tell_no_tales, uniq_erolcha,
          uniq_gastronok
Temple:   kilobyte_greek_temple_18

Action                   |  1- 3 |  4- 6 |  7- 9 | 10-12 || total
-------------------------+-------+-------+-------+-------++-------
Melee: Unarmed           |   129 |   158 |   246 |    91 ||   624
       Dagger            |    11 |    61 |   278 |   169 ||   519
 Fire: Blowgun           |       |     1 |    70 |    36 ||   107
Invok: Heroism           |       |       |     2 |       ||     2
Evoke: Wand              |       |       |     8 |     1 ||     9
  Use: Potion            |     2 |       |     1 |       ||     3
       Scroll            |       |       |     8 |       ||     8
 Stab: Sleeping          |     4 |     5 |    15 |     3 ||    27
       Distracted        |     1 |       |     1 |       ||     2
  Eat: Chunk             |     3 |     7 |     4 |     5 ||    19
       Meat ration       |       |       |     1 |       ||     1
       Beef jerky        |       |       |     1 |       ||     1
